NYP
CHICAGO (NYP) WHITE SOX @ VERMONT LAKE MONSTERS
04/25/2047
 
TOP OF THE 1ST
Chicago (NYP) White Sox batting - Pitching for Vermont Lake Monsters : RHP Tyler Deloatch
Pitching: RHP Tyler Deloatch
Batting: SHB Tomas Caldera 0-0: Called Strike
0-1: Foul Ball, location: 2F
0-2: Foul Ball, location: 2F
0-2: Ball
1-2: Strikes out swinging
Batting: RHB Ethan McCullough 0-0: DOUBLE (Line Drive, 89XD, EV 105.0 MPH)
Batting: LHB Adam Tarbutton 0-0: Ball
1-0: SINGLE (Groundball, 6D, EV 101.2 MPH)
Ethan McCullough to third
Batting: RHB Luwen Storm 0-0: Ball
Pickoff Throw by Catcher to First - Out!
1-0: Swinging Strike
1-1: Ball
2-1: Swinging Strike
2-2: Ball
3-2: Foul Ball, location: 2F
3-2: SINGLE (Groundball, 34S, EV 94.4 MPH)
Ethan McCullough scores
Batting: SHB Manny Berrones 0-0: Called Strike
Luwen Storm is caught stealing 2nd base 2-6
Top of the 1st over - 1 run, 3 hits, 0 errors, 0 left on base; Chicago (NYP) 1 - Vermont 0
BOTTOM OF THE 1ST
Vermont Lake Monsters batting - Pitching for Chicago (NYP) White Sox : RHP Påske Olmqvist
Pitching: RHP Påske Olmqvist
Batting: RHB Chris Bohm 0-0: Ground out 5-3 (Groundball, 5, EV 92.5 MPH)
Batting: RHB Larry Clark 0-0: Ball
1-0: Ball
2-0: Ground out U3 (Groundball, 3, EV 95.0 MPH)
Batting: RHB David Herrera 0-0: Ball
1-0: Ball
2-0: Called Strike
2-1: Foul Ball, location: 2F
2-2: Ball
3-2: Fly out, F9 (Flyball, 9LD, EV 107.5 MPH)
Bottom of the 1st over - 0 runs, 0 hits, 0 errors, 0 left on base; Chicago (NYP) 1 - Vermont 0
TOP OF THE 2ND
Chicago (NYP) White Sox batting - Pitching for Vermont Lake Monsters : RHP Tyler Deloatch
Batting: SHB Manny Berrones 0-0: Ball
1-0: DOUBLE (Line Drive, 9LS, EV 106.2 MPH)
Batting: RHB Sean Peake 0-0: Ball
Wild Pitch!
Manny Berrones to third
1-0: Ball
2-0: Called Strike
2-1: Ball
3-1: Base on Balls
Batting: RHB Armando Vazquez 0-0: Ball
1-0: Foul Ball, location: 2F
1-1: Ball
Sean Peake steals 2nd base
2-1: Foul Ball, location: 2F
2-2: Ball
3-2: Foul Ball, location: 2F
3-2: SINGLE (Groundball, 6D, EV 103.1 MPH)
Manny Berrones scores
Sean Peake to third
Runner from 3rd tries for Home, SAFE, throw by CF to home
Now in LF: Jon Coleman
Now in CF: Felipe Gomez
Now in RF: Walt Alaniz
Batting: RHB Eduardo Calderon 0-0: Ball
1-0: Ball
2-0: Foul Ball, location: 2F
2-1: Fielders Choice at 2nd, 5-4 (Groundball, 56S, EV 80.6 MPH)
Batting: RHB Korekiyo Watanabe 0-0: Fielders Choice at 2nd, 4-6 (Groundball, 4, EV 82.5 MPH)
Batting: SHB Tomas Caldera 0-0: Fielders Choice at 2nd, 6-4 (Groundball, 6, EV 76.2 MPH)
Top of the 2nd over - 2 runs, 2 hits, 0 errors, 1 left on base; Chicago (NYP) 3 - Vermont 0
BOTTOM OF THE 2ND
Vermont Lake Monsters batting - Pitching for Chicago (NYP) White Sox : RHP Påske Olmqvist
Batting: LHB Felipe Gomez 0-0: Ground out U3 (Groundball, 34S, EV 90.6 MPH)
Batting: LHB Alejandro Muniz 0-0: Ball
1-0: Ball
2-0: Ball
3-0: Called Strike
3-1: Foul Ball, location: 2F
3-2: Fly out, F8 (Flyball, 8RD, EV 93.8 MPH)
Batting: LHB Ed Talamantes 0-0: Foul Ball, location: 2F
0-1: Ball
1-1: Foul Ball, location: 2F
1-2: Ground out 3-1 (Groundball, 34, EV 89.4 MPH)
Bottom of the 2nd over - 0 runs, 0 hits, 0 errors, 0 left on base; Chicago (NYP) 3 - Vermont 0
TOP OF THE 3RD
Chicago (NYP) White Sox batting - Pitching for Vermont Lake Monsters : RHP Tyler Deloatch
Batting: RHB Ethan McCullough 0-0: Called Strike
0-1: Swinging Strike
0-2: Ball
1-2: Strikes out swinging
Batting: LHB Adam Tarbutton 0-0: Ball
1-0: Ball
2-0: Ball
3-0: Called Strike
3-1: Called Strike
3-2: Strikes out swinging
Batting: RHB Luwen Storm 0-0: Fly out, F7 (Flyball, 78S, EV 83.8 MPH)
Top of the 3rd over - 0 runs, 0 hits, 0 errors, 0 left on base; Chicago (NYP) 3 - Vermont 0
BOTTOM OF THE 3RD
Vermont Lake Monsters batting - Pitching for Chicago (NYP) White Sox : RHP Påske Olmqvist
Batting: RHB Walt Alaniz 0-0: Ground out 4-3 (Groundball, 4, EV 86.2 MPH)
Batting: RHB Tim Anderson 0-0: Foul Ball, location: 2F
0-1: Ball
1-1: SINGLE (Groundball, 4M, EV 101.9 MPH) (infield hit)
Batting: RHB Zachary Anderson 0-0: Ball
1-0: Called Strike
1-1: SINGLE (Groundball, 25, EV 63.8 MPH) (infield hit)
Tim Anderson to second
Batting: RHB Jon Coleman 0-0: Ball
1-0: Ball
2-0: Called Strike
2-1: Ball
3-1: Base on Balls
Tim Anderson to third
Zachary Anderson to second
Batting: RHB Larry Clark 0-0: Fly out, F9 (Flyball, 9, EV 89.4 MPH)
Batting: RHB David Herrera 0-0: Called Strike
0-1: Called Strike
0-2: Strikes out swinging
Bottom of the 3rd over - 0 runs, 2 hits, 0 errors, 3 left on base; Chicago (NYP) 3 - Vermont 0
TOP OF THE 4TH
Chicago (NYP) White Sox batting - Pitching for Vermont Lake Monsters : RHP Tyler Deloatch
Batting: SHB Manny Berrones 0-0: Ball
1-0: Called Strike
1-1: Foul Ball, location: 2F
1-2: Ball
2-2: Strikes out looking
Batting: RHB Sean Peake 0-0: Ball
1-0: Called Strike
1-1: Called Strike
1-2: Ball
2-2: Ground out 6-3 (Groundball, 6, EV 86.9 MPH)
Batting: RHB Armando Vazquez 0-0: Ball
1-0: Ball
2-0: Ball
3-0: Called Strike
3-1: Swinging Strike
3-2: Foul Ball, location: 2F
3-2: Strikes out looking
Top of the 4th over - 0 runs, 0 hits, 0 errors, 0 left on base; Chicago (NYP) 3 - Vermont 0
BOTTOM OF THE 4TH
Vermont Lake Monsters batting - Pitching for Chicago (NYP) White Sox : RHP Påske Olmqvist
Batting: LHB Felipe Gomez 0-0: Fly out, F5 (Popup, 5SF, EV 79.4 MPH)
Batting: LHB Alejandro Muniz 0-0: Ball
1-0: Ball
2-0: Ball
3-0: Called Strike
3-1: Foul Ball, location: 2F
3-2: Fly out, F7 (Flyball, 7S, EV 89.4 MPH)
Batting: LHB Ed Talamantes 0-0: Ball
1-0: Ball
2-0: Swinging Strike
2-1: Foul Ball, location: 2F
2-2: Ball
3-2: Foul Ball, location: 2F
3-2: Fly out, F9 (Flyball, 89M, EV 85.0 MPH)
Bottom of the 4th over - 0 runs, 0 hits, 0 errors, 0 left on base; Chicago (NYP) 3 - Vermont 0
TOP OF THE 5TH
Chicago (NYP) White Sox batting - Pitching for Vermont Lake Monsters : RHP Tyler Deloatch
Batting: RHB Eduardo Calderon 0-0: Called Strike
0-1: Ball
1-1: Ball
2-1: Foul Ball, location: 2F
2-2: Strikes out looking
Batting: RHB Korekiyo Watanabe 0-0: Ball
1-0: Ball
2-0: Ball
3-0: Base on Balls
Batting: SHB Tomas Caldera 0-0: Swinging Strike
0-1: Fly out, F3 (Line Drive, 3, EV 66.2 MPH)
Lined into DP, U3 (Line Drive, 3, EV 68.1 MPH)
Top of the 5th over - 0 runs, 0 hits, 0 errors, 0 left on base; Chicago (NYP) 3 - Vermont 0
BOTTOM OF THE 5TH
Vermont Lake Monsters batting - Pitching for Chicago (NYP) White Sox : RHP Påske Olmqvist
Batting: RHB Walt Alaniz 0-0: Ball
1-0: Ball
2-0: Called Strike
2-1: Swinging Strike
2-2: Ball
3-2: Strikes out swinging
Batting: RHB Tim Anderson 0-0: Ball
1-0: Ground out 5-3 (Groundball, 56D, EV 107.5 MPH)
Batting: RHB Zachary Anderson 0-0: Ball
1-0: Ground out 6-3 (Groundball, 56, EV 101.2 MPH)
Bottom of the 5th over - 0 runs, 0 hits, 0 errors, 0 left on base; Chicago (NYP) 3 - Vermont 0
TOP OF THE 6TH
Chicago (NYP) White Sox batting - Pitching for Vermont Lake Monsters : RHP Tyler Deloatch
Batting: RHB Ethan McCullough 0-0: Ball
1-0: Ground out 6-3 (Groundball, 6, EV 101.2 MPH)
Batting: LHB Adam Tarbutton 0-0: Called Strike
0-1: Fly out, F3 (Line Drive, 3, EV 64.4 MPH)
Batting: RHB Luwen Storm 0-0: Ball
1-0: Foul Ball, location: 2F
1-1: Ball
2-1: Called Strike
2-2: Ball
3-2: Base on Balls
Batting: SHB Manny Berrones 0-0: Called Strike
0-1: Ball
Luwen Storm steals 2nd base
1-1: Foul Ball, location: 2F
1-2: Ball
2-2: Ground out 4-3 (Groundball, 4, EV 88.8 MPH)
Top of the 6th over - 0 runs, 0 hits, 0 errors, 1 left on base; Chicago (NYP) 3 - Vermont 0
BOTTOM OF THE 6TH
Vermont Lake Monsters batting - Pitching for Chicago (NYP) White Sox : RHP Påske Olmqvist
Batting: RHB Jon Coleman 0-0: Foul Ball, location: 2F
0-1: Ball
1-1: Foul Ball, location: 2F
1-2: Ball
2-2: Strikes out swinging
Batting: RHB Larry Clark 0-0: Ball
1-0: Ball
2-0: Foul Ball, location: 2F
2-1: Fly out, F8 (Flyball, 8RM, EV 87.5 MPH)
Batting: RHB David Herrera 0-0: Ball
1-0: Ball
2-0: DOUBLE (Line Drive, 89XD, EV 106.2 MPH)
Batting: LHB Felipe Gomez 0-0: Ball
1-0: Foul Ball, location: 2F
1-1: Foul Ball, location: 2F
1-2: Ball
2-2: Ball
3-2: Foul Ball, location: 2F
3-2: SINGLE (Groundball, 4M, EV 102.5 MPH) (infield hit)
David Herrera to third
Batting: LHB Alejandro Muniz 0-0: Ball
1-0: Fielders Choice at 2nd, U4 (Groundball, 4M, EV 101.9 MPH)
Bottom of the 6th over - 0 runs, 2 hits, 0 errors, 2 left on base; Chicago (NYP) 3 - Vermont 0
TOP OF THE 7TH
Chicago (NYP) White Sox batting - Pitching for Vermont Lake Monsters : RHP Tyler Deloatch
Batting: RHB Sean Peake 0-0: Ball
1-0: Fly out, F9 (Flyball, 89M, EV 84.4 MPH)
Batting: RHB Armando Vazquez 0-0: Called Strike
0-1: Swinging Strike
0-2: Ball
1-2: Foul Ball, location: 2F
1-2: Strikes out looking
Pitching: LHP Doug Axelsen
Batting: RHB Eduardo Calderon 0-0: Ball
1-0: Foul Ball, location: 2F
1-1: Ball
2-1: Swinging Strike
2-2: Strikes out swinging
Top of the 7th over - 0 runs, 0 hits, 0 errors, 0 left on base; Chicago (NYP) 3 - Vermont 0
BOTTOM OF THE 7TH
Vermont Lake Monsters batting - Pitching for Chicago (NYP) White Sox : RHP Påske Olmqvist
Batting: LHB Ed Talamantes 0-0: Called Strike
0-1: Ball
1-1: Ball
2-1: Swinging Strike
2-2: Strikes out swinging
Batting: RHB Walt Alaniz 0-0: SINGLE (Groundball, 34D, EV 96.9 MPH)
Batting: RHB Tim Anderson 0-0: Called Strike
0-1: Foul Ball, location: 2F
0-2: Strikes out swinging
Batting: RHB Zachary Anderson 0-0: Called Strike
0-1: Foul Ball, location: 2F
0-2: Foul Ball, location: 2F
0-2: Fielders Choice at 2nd, 6-4 (Groundball, 6, EV 100.6 MPH)
Bottom of the 7th over - 0 runs, 1 hit, 0 errors, 1 left on base; Chicago (NYP) 3 - Vermont 0
TOP OF THE 8TH
Chicago (NYP) White Sox batting - Pitching for Vermont Lake Monsters : LHP Doug Axelsen
Batting: RHB Korekiyo Watanabe 0-0: Foul Ball, location: 2F
0-1: Ground out 5-3 (Groundball, 56, EV 85.0 MPH)
Batting: SHB Tomas Caldera 0-0: Ball
1-0: Ball
2-0: Called Strike
2-1: Ground out 6-3 (Groundball, 6, EV 85.0 MPH)
Batting: RHB Ethan McCullough 0-0: Foul Ball, location: 2F
0-1: Ball
1-1: Called Strike
1-2: Strikes out swinging
Top of the 8th over - 0 runs, 0 hits, 0 errors, 0 left on base; Chicago (NYP) 3 - Vermont 0
BOTTOM OF THE 8TH
Vermont Lake Monsters batting - Pitching for Chicago (NYP) White Sox : RHP Påske Olmqvist
Batting: RHB Jon Coleman 0-0: Ball
1-0: Foul Ball, location: 2F
1-1: Called Strike
1-2: DOUBLE (Line Drive, 7LM, EV 111.2 MPH)
Pinch Hitting: LHB Fred Arends 0-0: Called Strike
0-1: Foul Ball, location: 2F
0-2: Fly out, F7 (Flyball, 78M, EV 91.9 MPH)
Batting: RHB David Herrera 0-0: Foul Ball, location: 2F
0-1: Ball
1-1: Called Strike
1-2: SINGLE (Groundball, 56S, EV 72.5 MPH) (infield hit)
Jon Coleman to third
Batting: LHB Felipe Gomez 0-0: Foul Ball, location: 2F
0-1: Ball
1-1: Foul Ball, location: 2F
1-2: Ball
2-2: Foul Ball, location: 2F
2-2: Ball
3-2: Strikes out swinging
Pitching: LHP Bobby Dahlgren
Pinch Hitting: RHB Chris Temple 0-0: Called Strike
0-1: Fly out, F4 (Line Drive, 4, EV 76.2 MPH)
Bottom of the 8th over - 0 runs, 2 hits, 0 errors, 2 left on base; Chicago (NYP) 3 - Vermont 0
TOP OF THE 9TH
Chicago (NYP) White Sox batting - Pitching for Vermont Lake Monsters : LHP Doug Axelsen
Now at C: Chris Temple
Now at 1B: Ed Talamantes
Now at SS: Ricky Trejo
Batting: LHB Adam Tarbutton 0-0: Foul Ball, location: 2F
0-1: SOLO HOME RUN (Flyball, 89XD, EV 104.4 MPH), Distance : 419 ft
Batting: RHB Luwen Storm 0-0: Ball
1-0: Called Strike
1-1: Called Strike
1-2: Strikes out looking
Batting: SHB Manny Berrones 0-0: Ball
1-0: Ball
2-0: Called Strike
2-1: Foul Ball, location: 2F
2-2: Ball
3-2: Strikes out swinging
Batting: RHB Sean Peake 0-0: Ball
1-0: Ball
2-0: Foul Ball, location: 2F
2-1: Swinging Strike
2-2: Ball
3-2: Foul Ball, location: 2F
3-2: Strikes out swinging
Top of the 9th over - 1 run, 1 hit, 0 errors, 0 left on base; Chicago (NYP) 4 - Vermont 0
BOTTOM OF THE 9TH
Vermont Lake Monsters batting - Pitching for Chicago (NYP) White Sox : LHP Bobby Dahlgren
Batting: LHB Ed Talamantes 0-0: Ball
1-0: Called Strike
1-1: Called Strike
1-2: Ball
2-2: Ball
3-2: Foul Ball, location: 2F
3-2: Foul Ball, location: 2F
3-2: Fly out, F9 (Flyball, 9S, EV 88.1 MPH)
Pitching: RHP Mario Arce
Batting: RHB Walt Alaniz 0-0: Ball
1-0: Ground out 5-3 (Groundball, 56, EV 83.1 MPH)
Batting: RHB Tim Anderson 0-0: Foul Ball, location: 2F
0-1: Ball
1-1: Ball
2-1: SINGLE (Line Drive, 8LS, EV 91.9 MPH)
Batting: RHB Zachary Anderson 0-0: Ball
Pickoff Throw to First - Out! 1-3 CS
Bottom of the 9th over - 0 runs, 1 hit, 0 errors, 0 left on base; Chicago (NYP) 4 - Vermont 0
Thursday, December 15th , 2022 - OOTP Baseball 23.9 Build 102